 Dungeon Crawl Stone Soup version 0.24.0-10-g970556be89 (webtiles) character file.

Game seed: 14092603768160772978, levelgen mode: deterministic

137 Lanoc the Chopper (level 5, 0/36 HPs)
             Began as an Octopode Gladiator on Nov 3, 2019.
             Succumbed to a worker ant's poison
             ... on level 5 of the Dungeon.
             The game lasted 00:01:47 (791 turns).

Lanoc the Chopper (Octopode Gladiator)               Turns: 791, Time: 00:01:48

Health: 0/36       AC:  1    Str: 13      XL:     5   Next: 20%
Magic:  5/5        EV: 14    Int: 10      God:
Gold:   30         SH:  0    Dex: 12 (15) Spells: 4/4 levels left

rFire    . . .     SeeInvis .   a - +0 war axe
rCold    . . .     Gourm    .   (no shield)
rNeg     . . .     Faith    .   b - +0 hat
rPois    .         Spirit   .   (no amulet)
rElec    .         Reflect  .   (no ring)
rCorr    .         Harm     .   (no ring)
MR       .....                  (no ring)
Stlth    ++........             (no ring)
HPRegen  0.12/turn              (no ring)
MPRegen  0.09/turn              (no ring)
                                (no ring)
                                (no ring)

@: lethally poisoned (0 -> -12)
A: almost no armour, stealthy swim, amphibious, 8 rings, constrict 8, camouflage
1, gelatinous body 1
a: no special abilities


You were on level 5 of the Dungeon.
You were not hungry.

You visited 1 branch of the dungeon, and saw 4 of its levels.

You collected 30 gold pieces.

Inventory:

Hand Weapons
 a - a +0 war axe (weapon)
Armour
 b - a +0 hat (worn)
 f - a +2 large shield
Scrolls
 e - a scroll of random uselessness {unknown}
Comestibles
 d - 2 rations


   Skills:
 + Level 3.0 Fighting
 * Level 4.5 Axes
 - Level 2.0 Throwing
 + Level 3.8 Dodging


You had 4 spell levels left.
You didn't know any spells.
Your spell library was empty.

Dungeon Overview and Level Annotations

Branches:
Dungeon (5/15)
 Temple: D:4-7

Altars:
Ashenzari

Annotations:
D:4 Eustachio, Purgy


Innate Abilities, Weirdness & Mutations

You cannot wear most types of armour.
You are very stealthy in the water. (Stealth+)
You are amphibious.
You can wear up to eight rings at the same time.
You can use your tentacles to constrict eight enemies at once.
Your skin changes colour to match your surroundings (Stealth+).
Your rubbery body absorbs attacks. (AC +1, EV +1)


Message History

* * * LOW HITPOINT WARNING * * *
You feel sick. The worker ant barely misses you. The worker ant bites you.
* * * LOW HITPOINT WARNING * * *
You are more poisoned.
The worker ant poisons you!
You hit the worker ant.
The worker ant is almost dead.
You constrict the worker ant.
You kill the worker ant!
You feel your dexterity returning.
Your Fighting skill increases to level 3!
You have reached level 5!
You feel agile.
* * * LOW HITPOINT WARNING * * *
You feel sick.
You aren't carrying any potions.
An orc comes into view.
* * * LOW HITPOINT WARNING * * *
You feel sick.
You die...

#.#.. ....
###..
.....#####
#......
#.....#
#(....#
#$....#
#..@..#
#o.......##
..#####....
#.#### #.#
#.# #.# ...


You could see an orc (sleeping).

Vanquished Creatures
  A hound (D:4)
  An orc wizard (D:4)
  A centaur skeleton (D:4)
  A worker ant (D:5)
  An adder skeleton (D:5)
  2 orcs (D:4)
  5 goblins (D:1)
  3 hobgoblins (D:1)
  3 kobolds
  2 bats
  2 frilled lizards
  2 rats
24 creatures vanquished.

Notes
Turn   | Place    | Note
-------+----------+-------------------------------------------
     0 | D:1      | Lanoc the Octopode Gladiator began the quest for the Orb.
     0 | D:1      | Reached XP level 1. HP: 14/14 MP: 1/1
    93 | D:1      | Reached XP level 2. HP: 9/19 MP: 2/2
   468 | D:2      | Found a shattered altar of Ashenzari.
   512 | D:2      | You fall into a shaft and drop 2 floors!
   515 | D:4      | Reached XP level 3. HP: 18/25 MP: 3/3
   520 | D:4      | Reached skill level 4 in Axes
   520 | D:4      | Reached XP level 4. HP: 12/30 MP: 4/4
   746 | D:4      | Noticed Eustachio
   751 | D:4      | Noticed Purgy
   781 | D:5      | Entered Level 5 of the Dungeon
   789 | D:5      | Reached XP level 5. HP: 4/36 MP: 5/5
   790 | D:5      | HP: 1/36 [poisoned by a worker ant]
   791 | D:5      | Succumbed to a worker ant's poison

Levels and vault maps discovered:
D:1:      scummos_arrival_hexagon, layout_basic
D:2:      layout_loops_ring, minmay_misc_feat_diagonals, minivault_14,
          nicolae_ashenzari_panopticon
D:4:      layout_layer_cave, first_ration, minmay_manual_macuahuitl,
          uniq_grinder, uniq_eustachio, uniq_purgy, uniq_edmund
D:5:      layout_loops_cross, basic_altar, kennysheep_pointless_box

Skill      XL: |  1  2  3  4 |
---------------+-------------+-----
Axes           | 4 |  4.5
Fighting       | 3 |  3.0
Throwing       | |  2.0
Dodging        | |  3.8

Action                   |  1- 3 |  4- 6 || total
-------------------------+-------+-------++-------
Melee: War axe           |    44 |    15 ||    59
       Constrict         |    12 |     3 ||    15
       Tentacles         |     4 |     1 ||     5
Throw: Throwing net      |       |     3 ||     3
 Stab: Sleeping          |     4 |     1 ||     5
Armor: Skin              |     6 |     5 ||    11
Dodge: Dodged            |    46 |    32 ||    78
